 Seeded DCSS version 0.30-a0-149-g7f746667c4 (webtiles) character file.

Game seed: 3044142121954287085 (custom seed)

6414 purpskrrrp the Skirmisher (level 11, -4/87 HPs)
             Began as a Formicid Hunter on Sept 26, 2022.
             Was a High Priest of the Shining One (penitent).
             Slain by a cyan ugly thing (14 damage)
             ... on level 7 of the Dungeon.
             The game lasted 00:36:05 (10339 turns).

purpskrrrp the Skirmisher (Formicid Hunter)        Turns: 10339, Time: 00:36:06

Health: -4/87      AC: 24    Str: 13    XL:     11   Next: 18%
Magic:  14/14      EV:  0    Int:  8    God:    the Shining One [*****.]
Gold:   433        SH: 11    Dex: 19    Spells: 10/10 levels left

rFire   + . .      SeeInvis +    w - -1 triple crossbow (flame)
rCold   x . .      Faith    .    u - +0 kite shield
rNeg    + + .      Spirit   .    h - +3 crystal plate armour
rPois   .          Reflect  .    (helmet unavailable)
rElec   .          Harm     .    (no cloak)
rCorr   .          Rampage  .    q - +0 pair of gloves {hurl}
Will    +....                    (no boots)
Stlth   ..........               (no amulet)
HPRegen 0.24/turn                d - ring of fire
MPRegen 0.14/turn                n - ring of flight

@: flying, studying Fighting
A: permanent stasis, dig shafts and tunnels, antennae 3, four strong arms,
iridescent scales 1, clumsy 1, dopey 1, weak 1
a: Dig, Shaft Self, Renounce Religion


You were on level 7 of the Dungeon.
You worshipped the Shining One.
The Shining One was demanding penance.
You visited 1 branch of the dungeon, and saw 8 of its levels.
You also visited: Sewer, Ossuary and Bailey.

You collected 483 gold pieces.
You spent 50 gold pieces at shops.

Inventory:

Hand Weapons
 a - a +0 shortbow
 l - the +10 bardiche of the Hidden Vale {vorpal, rN+}
   (You found it in a bailey)

   It inflicts extra damage upon your enemies.
   rN:        It protects you from negative energy.
 w - a -1 triple crossbow of flaming (weapon)
Armour
 c - a +0 leather armour
 h - a +3 crystal plate armour (worn)
 q - a +0 pair of gloves of hurling (worn)
 u - a +0 kite shield (worn)
 x - a +0 chain mail
Jewellery
 d - a ring of fire (left hand)
 n - a ring of flight (right hand)
 r - a ring of resist corrosion
Wands
 i - a wand of roots (8)
 y - a wand of quicksilver (20)
 A - a wand of mindburst (1)
 B - a wand of charming (3)
Scrolls
 e - 7 scrolls of teleportation
 m - 3 scrolls of identify
Potions
 b - a potion of berserk rage {unknown}
 f - 6 potions of flight
 g - 2 potions of attraction
 j - 2 potions of brilliance {unknown}
 k - a potion of curing
 p - 3 potions of might
 t - 5 potions of cancellation
 v - 2 potions of ambrosia
 z - 2 potions of haste {unknown}


   Skills:
 + Level 8.4 Fighting
 * Level 10.6 Ranged Weapons
 + Level 7.3 Armour
 - Level 3.8 Dodging
 - Level 3.1 Stealth
 + Level 7.8 Shields
 * Level 4.1 Invocations


You had 10 spell levels left.
You didn't know any spells.
Your spell library contained the following spells:

 Spells                   Type           Power      Damage    Failure   Level
 Magic Dart               Conj           0%         1d3       100%        1
 Sting                    Tmut/Pois      0%         1d3       100%        1
 Call Imp                 Summ           0%         N/A       100%        2
 Poisonous Vapours        Pois/Air       0%         N/A       100%        2
 Scorch                   Fire           0%         2d5       100%        2
 Ignite Poison            Fire/Tmut/Pois 0%         N/A       100%        3
 Mephitic Cloud           Conj/Pois/Air  0%         N/A       100%        3
 Flame Wave               Conj/Fire      0%         2d4       100%        4
 Olgreb's Toxic Radiance  Pois           0%         N/A       100%        4
 Sticky Flame             Conj/Fire      0%         2d3       100%        4
 Summon Cactus Giant      Summ           0%         N/A       100%        6


Dungeon Overview and Level Annotations

Branches:
Dungeon (8/15)             Temple (0/1) D:7           Sewer (visited)
Ossuary (visited)          Bailey (visited)
   Lair: D:8-11

Altars:
Dithmenos
Fedhas
Kikubaaqudgha
Nemelex Xobeh
Trog
Uskayaw
Xom
The Shining One

Shops:
D:3 (   D:4 (*   D:7 =

Annotations:
D:6 1 runed translucent door, Crazy Yiuf
D:7 3 runed translucent doors, themarg's ghost, novice DjFE


Innate Abilities, Weirdness & Mutations

You cannot be hasted, slowed, berserked, paralysed or teleported.
You can dig through walls and to a lower floor.
You have a pair of large antennae on your head. (SInv)
Your four strong arms can wield two-handed weapons with a shield.
You are partially covered in iridescent scales. (AC +2)
You are clumsy. (Dex -2)
You are dopey. (Int -2)
You are weak. (Str -2)


Message History

Press: ? - help, Q - select action, (/) - cycle Shift-Dir - straight line, f - cyan ugly thing
Aim: a cyan ugly thing (65% to hit)
You shoot a bolt. The bolt hits the cyan ugly thing!!
The bolt burns the cyan ugly thing!
The cyan ugly thing is heavily wounded.
Fire: w) -1 triple crossbow (flame)
Press: ? - help, Q - select action, (/) - cycle Shift-Dir - straight line, f/p - cyan ugly thing
Aim: a cyan ugly thing (moderately wounded, 65% to hit)
You shoot a bolt.
The bolt barely misses the cyan ugly thing.
The cyan ugly thing stings you! The cyan ugly thing shocks you!
You block the cyan ugly thing's attack. The cyan ugly thing stings you.
The cyan ugly thing shocks you!
Okay, then.
Okay, then.
There is a stone staircase leading up here.
You block the cyan ugly thing's attack.
You fly upwards.
Level annotation: 3 runed translucent doors, themarg's ghost, novice DjFE
There is a stone staircase leading down here.
Okay, then.
Fire: w) -1 triple crossbow (flame)
Press: ? - help, Q - select action, (/) - cycle Shift-Dir - straight line, f - cyan ugly thing
Aim: a cyan ugly thing (moderately wounded, 65% to hit)
You shoot a bolt.
The bolt closely misses the cyan ugly thing.
The cyan ugly thing stings you! The cyan ugly thing shocks you!
* * * LOW HITPOINT WARNING * * *
The cyan ugly thing stings you but does no damage.
The cyan ugly thing completely misses you.
Fire: w) -1 triple crossbow (flame)
Press: ? - help, Q - select action, (/) - cycle Shift-Dir - straight line, f/p - cyan ugly thing
Aim: a cyan ugly thing (moderately wounded, 65% to hit)
You shoot a bolt. The bolt hits the cyan ugly thing.
The bolt burns the cyan ugly thing.
The cyan ugly thing is heavily wounded.
The cyan ugly thing stings you!
* * * LOW HITPOINT WARNING * * *
The cyan ugly thing shocks you!
You die...

### ### # #.# #.# # #.#
##.#### #.# #...... #.#
#..#### ##.############ #..#
# #.............# #####..# #
##.........#### #......####
#.##....u@..####..........
#.##.####.#...........###.
####............########.....
#.......####.............###.
#.##.#..####......#####..# #.
#.##.#..##...............# #.
#.##...............####..###.
#.##.........................
#.####.............#.......##


You could see a cyan ugly thing.

Vanquished Creatures
  A hornet (D:8)
  6 yaks (D:7)
  A steam dragon (D:8)
  2 vampire mosquitoes (D:8)
  Menkaure (D:4)
  11 orc warriors (Bailey)
  An ice beast (D:7)
  An ogre (D:6)
  A centaur (D:8)
  A kobold brigand (D:8)
  Blork the orc (D:4)
  4 bullfrogs
  4 elf zombies (Ossuary)
  19 wights
  2 scorpions
  A howler monkey (D:5)
  A centaur zombie (Ossuary)
  4 orc priests
  2 hounds
  A gnoll bouda (D:5)
  3 jellies
  Jessica (D:3)
  13 orc wizards
  Ijyb (D:5)
  4 iguanas
  2 mummies (Ossuary)
  Robin (D:4)
  3 gnolls
  20 adders
  6 river rats
  A white imp (D:5)
  An ufetubus (D:5)
  An adder zombie (Ossuary)
  7 worms
  28 orcs
  11 bats
  6 endoplasms
  3 giant cockroaches
  16 goblins
  8 hobgoblins
  5 jackals
  5 quokkas
  12 ball pythons
  2 frilled lizards
  2 goblin zombies (Ossuary)
  11 hobgoblin zombies (Ossuary)
  A jackal zombie (Ossuary)
  8 kobolds
  9 kobold zombies (Ossuary)
  7 orc zombies (Ossuary)
  11 rats
  A rat zombie (Ossuary)
275 creatures vanquished.

Vanquished Creatures (collateral kills)
  An orc knight (Bailey)
  A phantom (D:5)
2 creatures vanquished.

Grand Total: 277 creatures vanquished

Notes
Turn   | Place    | Note
-------+----------+-------------------------------------------
     0 | D:1      | purpskrrrp the Formicid Hunter began the quest for the Orb.
     0 | D:1      | Reached XP level 1. HP: 16/16 MP: 1/1
    40 | D:1      | Reached XP level 2. HP: 23/23 MP: 2/2
   224 | D:1      | Reached XP level 3. HP: 28/28 MP: 3/3
   518 | D:2      | Found a blossoming altar of Fedhas.
   965 | D:2      | Reached XP level 4. HP: 35/35 MP: 4/4
  1080 | D:2      | Found a faded altar of an unknown god.
  1120 | D:2      | Prayed at the altar of an unknown god.
  1120 | D:2      | Became a worshipper of the Shining One
  1120 | D:2      | Reached * piety under the Shining One
  1225 | D:3      | Noticed Jessica
  1230 | D:3      | Killed Jessica
  1231 | D:3      | Reached XP level 5. HP: 41/41 MP: 5/5
  1410 | D:3      | Found Rarpheph's Antique Weapon Shoppe.
  1664 | D:4      | Noticed Blork the orc
  1681 | D:4      | Killed Blork the orc
  1682 | D:4      | Reached skill level 1 in Armour
  1682 | D:4      | Reached XP level 6. HP: 24/47 MP: 3/6
  1703 | D:4      | Reached skill level 5 in Ranged Weapons
  1773 | D:4      | Found a glowing drain.
  1781 | Sewer    | Entered a sewer
  2433 | Sewer    | Reached XP level 7. HP: 54/54 MP: 7/7
  2640 | D:4      | Found an ancient bone altar of Kikubaaqudgha.
  2643 | D:4      | Reached ** piety under the Shining One
  2675 | D:4      | Found Buimmak's Antique Weapon Boutique.
  2804 | D:4      | Found a sparkling altar of Nemelex Xobeh.
  2972 | D:4      | Noticed Robin
  2988 | D:4      | Killed Robin
  3203 | D:4      | Found Yrez Socw's Lightly-Used Armoury.
  3208 | D:4      | Bought a -1 triple crossbow for 50 gold pieces
  3357 | D:4      | Found a hide-covered altar of Uskayaw.
  3586 | D:4      | Noticed Menkaure
  3590 | D:4      | Killed Menkaure
  3591 | D:4      | Reached skill level 6 in Ranged Weapons
  3816 | D:5      | Entered Level 5 of the Dungeon
  3930 | D:5      | Reached XP level 8. HP: 61/61 MP: 8/8
  4194 | D:5      | Reached skill level 1 in Shields
  4203 | D:5      | Reached skill level 5 in Fighting
  4509 | D:5      | Noticed Ijyb
  4512 | D:5      | Killed Ijyb
  4556 | D:5      | Reached skill level 7 in Ranged Weapons
  6222 | D:5      | Reached *** piety under the Shining One
  6223 | D:5      | Reached XP level 9. HP: 19/68 MP: 9/9
  6498 | D:6      | Found a sand-covered staircase.
  6511 | Ossuary  | Entered an ossuary
  6575 | Ossuary  | Reached **** piety under the Shining One
  6642 | Ossuary  | Reached ***** piety under the Shining One
  6822 | Ossuary  | Reached skill level 8 in Ranged Weapons
  6889 | Ossuary  | Gained mutation: You are dopey. (Int -2) [potion of
                  | mutation]
  6889 | Ossuary  | Gained mutation: You are weak. (Str -2) [potion of
                  | mutation]
  6889 | Ossuary  | Gained mutation: You are clumsy. (Dex -2) [potion of
                  | mutation]
  6889 | Ossuary  | Gained mutation: You are partially covered in iridescent
                  | scales. (AC +2) [potion of mutation]
  7006 | D:6      | Reached skill level 5 in Armour
  7007 | D:6      | Found a bloodstained altar of Trog.
  7167 | D:6      | Found a shimmering altar of Xom.
  7240 | D:6      | Found a shadowy altar of Dithmenos.
  7719 | D:6      | Found a runed translucent door.
  7720 | D:6      | Noticed Crazy Yiuf
  7980 | D:7      | Reached skill level 5 in Shields
  7987 | D:7      | Reached skill level 9 in Ranged Weapons
  7987 | D:7      | Reached XP level 10. HP: 30/77 MP: 10/10
  8529 | D:7      | Found a staircase to the Ecumenical Temple.
  8688 | D:7      | Found Murirorr's Jewellery Boutique.
  8741 | D:7      | Found a runed translucent gate.
  8741 | D:7      | Found a runed translucent gate.
  8741 | D:7      | Found a runed translucent gate.
  9059 | D:7      | Noticed themarg's ghost (novice DjFE)
  9231 | D:8      | Found a flagged portal.
  9250 | Bailey   | Entered a bailey
  9287 | Bailey   | Reached skill level 10 in Ranged Weapons
  9726 | Bailey   | Reached skill level 1 in Invocations
  9924 | Bailey   | Noticed an orc knight
  9932 | Bailey   | Killed an orc knight
  9932 | Bailey   | Was placed under penance by the Shining One
  9933 | Bailey   | Reached XP level 11. HP: 83/86 MP: 10/13
  9960 | Bailey   | Identified the +10 bardiche of the Hidden Vale {vorpal,
                  | rN+}
 10330 | D:8      | Noticed a cyan ugly thing
 10339 | D:7      | Slain by a cyan ugly thing

Illustrated notes

Levels and vault maps discovered:
D:1:      amcnicky_arrival_flooded_fountain, layout_rooms
D:2:      layout_loops_ring, hellmonk_ecumenical_altar_slurped_away,
          basic_altar, dk_noncrumbling_2
D:3:      layout_rooms, serial_shops, nicolae_shop_statue_plus, uniq_jessica
D:4:      layout_basic, mainiacjoe_overflow_24_doors,
          mainiacjoe_overflow_alcove_1, mainiacjoe_overflow_alcove_2,
          lightli_sewer_entry_pipes, serial_shops, nicolae_shop_trees,
          minmay_shop_damaged, roderic_st_hans_cross, uniq_menkaure, uniq_robin,
          uniq_blork_the_orc
D:5:      layout_layer_cave, uniq_ijyb
D:6:      layout_loops_ring, mainiacjoe_overflow_chevrons,
          nicolae_dithmenos_the_darkroom, trog_book,
          nicolae_ossuary_entry_ruins, uniq_crazy_yiuf_cottage
D:7:      layout_basic, minmay_temple_entry_offerings, serial_shops,
          nicolae_shop_hallway_stairs, gammafunk_ghost_necromancy,
          reono_crystal_passage
D:8:      nzn_winding_woodlands_small [nzn_winding_woodlands_5x15_sawtooth,
          nzn_winding_woodlands_center_triple_pond,
          nzn_winding_woodlands_5x15_jagged], layout_basic,
          mainiacjoe_overflow_six_doors_small, enter_bailey_5, nzn_random_ring

Skill      XL: |  1  2  3  4  5  6  7  8  9 10 11 |
---------------+----------------------------------+-----
Dodging        | 2 3 |  3.8
Stealth        | 2 3 |  3.1
Fighting       | 3 4 5 6 8 |  8.4
Armour         | 1 2 3 4 5 7 |  7.3
Ranged Weapons | 5 6 7 9 10 | 10.6
Shields        | 3 5 7 |  7.8
Invocations    | 3 4 |  4.1

Action                   |  1- 3 |  4- 6 |  7- 9 | 10-12 || total
-------------------------+-------+-------+-------+-------++-------
 Fire: Shortbow          |    86 |   152 |    53 |       ||   291
       Triple crossbow   |       |       |   219 |   133 ||   352
Invok: Divine Shield     |       |     1 |     2 |     3 ||     6
 Abil: Dig               |       |     1 |       |       ||     1
  Use: Scroll            |     3 |     4 |    15 |    10 ||    32
       Potion            |       |     1 |     3 |     4 ||     8
Armor: Leather armour    |     7 |    30 |    11 |       ||    48
       Chain mail        |       |       |   122 |       ||   122
       Crystal plate arm |       |       |    39 |   126 ||   165
Dodge: Dodged            |    27 |    62 |   100 |     4 ||   193
Block: Other             |       |     4 |       |       ||     4
       Kite shield       |       |       |   181 |   109 ||   290

Table legend: (Time is in decaauts)
 A = Elapsed time spent in this place.
 B = Non-inter-level travel time spent in this place.
 C = Inter-level travel time spent in this place.
 D = Time resting spent in this place.
 E = Time spent auto-exploring this place.
 F = Levels seen in this place.
 G = Mean time per level.
                   A        B        C        D        E       F      G
               +--------+--------+--------+--------+--------+-----+--------+
         Total |  11070 |  10752 |    318 |   2039 |   6330 |  11 | 1006.4 |
       Dungeon |   8959 |   8641 |    318 |   1368 |   5740 |   8 | 1119.9 |
         Sewer |    789 |    789 |      0 |    145 |    464 |   1 |  789.0 |
       Ossuary |    518 |    518 |      0 |    137 |    111 |   1 |  518.0 |
        Bailey |    802 |    802 |      0 |    389 |     15 |   1 |  802.0 |
               +--------+--------+--------+--------+--------+-----+--------+

Top non-repeatable levels by time:
     D:5: 2747 daAuts
     D:4: 1459 daAuts
     D:7: 1298 daAuts
     D:6: 1119 daAuts
  Bailey: 802 daAuts
   Sewer: 789 daAuts
     D:2: 764 daAuts
     D:8: 646 daAuts
 Ossuary: 518 daAuts
     D:3: 508 daAuts
     D:1: 415 daAuts
